 Dungeon Crawl Stone Soup version 0.27.1-33-g824d729ab1 (webtiles) character file.

Game seed: 10551216494977169775

54 MisterFreud the Chopper (level 3, -3/31 HPs)
             Began as a Hill Orc Abyssal Knight on Dec 19, 2021.
             Was a Follower of Lugonu.
             Succumbed to Sigmund's poison
             ... on level 2 of the Dungeon.
             The game lasted 00:02:28 (2218 turns).

MisterFreud the Chopper (Hill Orc Abyssal Knight)   Turns: 2218, Time: 00:02:28

Health: -3/31      AC:  5    Str: 21    XL:     3   Next: 91%
Magic:  4/4        EV: 10    Int: 12    God:    Lugonu [*.....]
Gold:   39         SH:  0    Dex: 10    Spells: 2/2 levels left

rFire    . . .     SeeInvis .   a - +1 hand axe
rCold    . . .     Faith    .   (no shield)
rNeg     . . .     Spirit   .   l - +0 ring mail
rPois    .         Reflect  .   (no helmet)
rElec    .         Harm     .   (no cloak)
rCorr    .         Rampage  .   (no gloves)
Will     .....                  (no boots)
Stlth    ..........             (no amulet)
HPRegen  0.10/turn              j - +6 ring of strength
MPRegen  0.09/turn              (no ring)

@: lethally poisoned (-3 -> -21)
A: no striking features
a: Renounce Religion, Depart the Abyss


You were on level 2 of the Dungeon.
You worshipped Lugonu.
Lugonu was aware of your devotion.
You visited 1 branch of the dungeon, and saw 3 of its levels.
You visited the Abyss 1 time.

You collected 39 gold pieces.

Inventory:

Hand Weapons
 a - a +1 hand axe (weapon)
Armour
 b - a +0 leather armour
 l - a +0 ring mail (worn)
Jewellery
 j - a +6 ring of strength (left hand)
Scrolls
 c - 5 scrolls of identify {unknown}
 f - a scroll of enchant armour {unknown}
 h - a scroll of blinking {unknown}
 k - a scroll of teleportation
 m - a scroll of amnesia {unknown}
 n - 2 scrolls of noise {unknown}
Potions
 d - a potion of magic {unknown}
 e - 2 potions of lignification {unknown}
 g - a potion of curing {unknown}
 i - a potion of heal wounds {unknown}


   Skills:
 - Level 3.6 Fighting
 + Level 5.4 Axes
 - Level 2.1 Armour
 - Level 0.7 Dodging
 - Level 2.4 Invocations


You had 2 spell levels left.
You didn't know any spells.
Your spell library contained the following spells:

 Spells                   Type           Power      Damage    Failure   Level
 Blink                    Tloc           N/A        N/A       63%         2
 Gell's Gravitas          Tloc           0%         N/A       85%         3
 Lesser Beckoning         Tloc           0%         N/A       85%         3
 Teleport Other           Tloc           0%         N/A       85%         3
 Manifold Assault         Tloc           0%         N/A       100%        5
 Storm Form               Tmut/Air       0%         N/A       100%        7


Dungeon Overview and Level Annotations

Branches:
Dungeon (3/15)

Altars:

Annotations:
D:2 Sigmund


Message History

The adder closely misses you.
You closely miss the adder. The adder bites you but does no damage.
You slash the adder!
The adder is heavily wounded.
The adder bites you but does no damage.
You hit the adder.
You kill the adder!
Lugonu accepts your kill.
There is an open door here.
Sigmund gestures at you while chanting. You resist with significant effort.
You see here a ring of protection from cold.
Sigmund is nearby!
Found a stone staircase leading down.
Sigmund barely misses you.
You see here a ring of flight.
Press: ? - help, v - describe, . - travel The floor.
Sigmund points at you and mumbles some strange words.
You are confused.
You see here a ring of protection from cold.
You bump into the rock wall.
Sigmund closely misses you.
You bump into the rock wall.
Sigmund hits you from afar with a +1 scythe of venom.
You are poisoned.
You bump into the rock wall.
You feel very sick.
You bump into the rock wall.
You feel sick. Sigmund misses you.
You feel sick. Sigmund misses you.
You feel less confused.
You feel sick.
You feel sick. Sigmund gestures at you while chanting. The magic dart hits you!
You feel sick.
Sigmund flickers, as though insubstantial.
Sigmund hits you from afar with a +1 scythe of venom!
* * * LOW HITPOINT WARNING * * *
You are more poisoned.
You die...

###### .##....#
.'....# #....# #####
#....# #.... #....###
#.###
#.##...@.=#######....
#>..@.....'....######
#.###.=...##.#...#
#....###.#...#
#.....##.#...#
###...##.#...#
#...##.#...#
######.###.#
#########.###.####
..................


You could see Sigmund.

Vanquished Creatures
  2 adders (D:2)
  2 dart slugs
  2 endoplasms (D:2)
  2 giant cockroaches (D:1)
  2 goblins (D:1)
  6 hobgoblins
  4 kobolds (D:1)
  4 ball pythons (D:1)
  3 bats (D:1)
  A frilled lizard (D:2)
  3 rats
31 creatures vanquished.

Vanquished Creatures (others)
  4 plants (D:3)
4 creatures vanquished.

Grand Total: 35 creatures vanquished

Notes
Turn   | Place    | Note
-------+----------+-------------------------------------------
     0 | Abyss:1  | MisterFreud the Hill Orc Abyssal Knight began the quest for
                  | the Orb.
     0 | Abyss:1  | Reached XP level 1. HP: 19/19 MP: 2/2
    58 | Abyss:1  | Noticed a flying skull
    59 | D:1      | Escaped the Abyss
   144 | D:1      | Reached skill level 3 in Axes
   280 | D:1      | Reached * piety under Lugonu
   281 | D:1      | Reached XP level 2. HP: 22/26 MP: 3/3
   394 | D:1      | Reached skill level 4 in Axes
   860 | D:1      | Reached XP level 3. HP: 25/31 MP: 4/4
  1662 | D:2      | Found a faded altar of an unknown god.
  1816 | D:2      | Noticed Sigmund
  2110 | D:2      | Reached skill level 5 in Axes
  2217 | D:2      | HP: 1/31 [Sigmund (11)]
  2218 | D:2      | Succumbed to Sigmund's poison

Illustrated notes

Levels and vault maps discovered:
D:1:      matt_arrival_grand_opening, layout_loops_ring
D:2:      cheibrodos_old_hovel, layout_basic,
          chequers_ecumenical_altar_simple_redux, uniq_sigmund
D:3:      layout_basic, serial_shops, nicolae_shop_overgrown_old_shop,
          nicolae_shop_statue_plus, shop_statue

Skill      XL: |  1  2  3 |
---------------+----------+-----
Axes           | 3 4 5 |  5.4
Fighting       | |  3.6
Armour         | |  2.1
Dodging        | |  0.7
Invocations    | |  2.4

Action                   || total
-------------------------++-------
Melee: Hand axe          ||   115
Invok: Depart the Abyss  ||     1
  Use: Scroll            ||     1
Armor: Leather armour    ||    30
       Ring mail         ||    11
Dodge: Dodged            ||    74
